 Dungeon Sprint DCSS version 0.16-a0-3926-g4728e1c (webtiles) character file.

50 BluebellGnoll the Slicer (level 5, 5/24 HPs)
             Began as a Spriggan Enchanter on Feb 5, 2015.
             Was a Priest of Vehumet.
             Quit the game in the Dungeon (Sprint VI: "Thunderdome").
             The game lasted 00:08:23 (453 turns).

BluebellGnoll the Slicer (Spriggan Enchanter)        Turns: 453, Time: 00:08:23

Health: 5/24       AC:  3    Str: 11    XL:     5   Next: 39%
Magic:  15/21      EV: 20    Int: 18    God:    Vehumet [***...]
Gold:   10         SH:  0    Dex: 23    Spells: 5 memorised, 6 levels left

rFire  . . .     SeeInvis +     a - +1 dagger
rCold  . . .     Clarity  .     e - +1 robe
rNeg   . . .     SustAb   .     (shield restricted)
rPois  +         Gourm    .     (helmet restricted)
rElec  +         Spirit   .     (no cloak)
rCorr  .         Warding  .     (gloves unavailable)
rMut   .         NoTele   +     (boots unavailable)
MR     .....                    (no amulet)
Stlth  +++.......               q - ring of Pliutucs {rElec rPois+ Str+7 Dex+3}
                                p - ring "Thrit" {Dex+4 SInv Stlth-}

@: very slightly contaminated, very quick, not resistant to hostile
enchantments, fairly stealthy
A: unfitting armour, see invisible, herbivore 3, speed 3, slow metabolism 2
a: Renounce Religion


You were in the Dungeon.
You worshipped Vehumet.
Vehumet was most pleased with you.
You were not hungry.

You visited 1 branch You collected 280 gold pieces.
You spent 270 gold pieces at shops.

Inventory:

Hand weapons
 a - a +1 dagger (weapon)
Armour
 e - a +1 robe (worn)
Jewellery
 b - the ring "Duazemuw" {rF+ rC- rN+ Dex+2}
   (You bought it in a shop in the Dungeon)

   [ring of protection from fire]

   It affects your dexterity (+2).
   It protects you from fire.
   It makes you vulnerable to cold.
   It protects you from negative energy.
 o - the amulet of Pnext {Stasis rElec Str+6}
   (You bought it in a shop in the Dungeon)

   [amulet of stasis]

   It prevents you from being teleported, slowed, hasted or paralysed.
   It affects your strength (+6).
   It insulates you from electricity.
 p - the ring "Thrit" (left hand) {Dex+4 SInv Stlth-}
   (You bought it in a shop in the Dungeon)

   [ring of loudness]

   It affects your dexterity (+4).
   It enhances your eyesight.
   It makes you less stealthy.
 q - the ring of Pliutucs (right hand) {rElec rPois+ Str+7 Dex+3}
   (You bought it in a shop in the Dungeon)

   [ring of dexterity]

   It affects your strength (+7).
   It affects your dexterity (+3).
   It insulates you from electricity.
   It protects you from poison.
 r - the amulet of the Fifty Stars {Stasis +Inv rPois+ rN+ Int-5 Stlth+}
   (You bought it in a shop in the Dungeon)

   [amulet of stasis]

   It prevents you from being teleported, slowed, hasted or paralysed.
   It affects your intelligence (-5).
   It protects you from poison.
   It protects you from negative energy.
   It lets you turn invisible.
   It makes you more stealthy.
Magical devices
 k - a wand of cold (4)
 l - a wand of fire (1)
Scrolls
 j - 4 scrolls of blinking
 m - 3 scrolls of fog
Potions
 f - 4 potions of heal wounds
 g - 4 potions of haste
 h - a potion of magic
 i - a potion of berserk rage
 n - a potion of resistance
Books
 c - a book of Maledictions

   Spells                             Type                      Level
   a - Corona                         Hexes                        1
   b - Sure Blade                     Hexes/Charms                 2
   c - Ensorcelled Hibernation        Hexes/Ice                    2
   d - Confuse                        Hexes                        3
   e - Dazzling Spray                 Conjuration/Hexes            3
   f - Enslavement                    Hexes                        4
Comestibles
 d - a bread ration


   Skills:
 - Level 0.1 Fighting
 - Level 9.0 Short Blades
 * Level 3.6 Dodging
 - Level 4.6 Stealth
 + Level 6.8 Spellcasting
 - Level 7.0 Hexes


You had 6 spell levels left.
You knew the following spells:

 Your Spells              Type           Power        Failure   Level  Hunger
a - Corona                Hex            ####...      1%          1    None
b - Ensorcelled Hibernat  Hex/Ice        ###...       4%          2    None
c - Confuse               Hex            ####....     1%          3    ##.....
d - Sure Blade            Hex/Chrm       ###.......   4%          2    None
e - Dazzling Spray        Conj/Hex       ###.....     2%          3    ##.....


Dungeon Overview and Level Annotations

Branches:
Dungeon (1/1)

Altars:
Cheibriados
Dithmenos
Elyvilon
Fedhas
Gozag
Kikubaaqudgha
Makhleb
Nemelex Xobeh
Okawaru
Qazlal
Ru
Sif Muna
Trog
Vehumet
Xom
Yredelemnul
Zin
The Shining One
Jiyva
Lugonu

Shops:
D *[%??*?*:[((!!!!


Innate Abilities, Weirdness & Mutations

You are tiny and cannot use many weapons and most armour.
You have supernaturally acute eyesight.
You are a herbivore.
You cover ground extremely quickly.
You need consume almost no food.


Message History

The deep elf fighter gestures wildly while chanting.
The deep elf fighter seems to speed up.
The deep elf fighter closely misses you.
Casting: Confuse
Confirm with . or Enter, or press ? or * to list all spells.
Aiming: Confuse
Press: ? - help, Shift-Dir - straight line, f - deep elf fighter
Aim: a deep elf fighter, wielding a scimitar and wearing a leather armour (moderately wounded, chance 42%)
You miscast Confuse.
You are very lightly contaminated with residual magic.
Multicoloured lights dance before your eyes!
The deep elf fighter hits you with an uncursed scimitar.
* * * LOW HITPOINT WARNING * * *
Casting: Confuse
Confirm with . or Enter, or press ? or * to list all spells.
Aiming: Confuse
Press: ? - help, Shift-Dir - straight line, f/p - deep elf fighter
Aim: a deep elf fighter, wielding a scimitar and wearing a leather armour (moderately wounded, chance 42%)
The deep elf fighter appears confused.
Are you sure you want to abandon this character and quit the game? (Confirm with "yes".)

##∩.....∩## #∩.......∩#
#_......._# #_......._#
#_........# ###.........###
#⌠...........⌠#
####.8.....(..(8.######
.__......###...[@e___∩##
.......8.# #.8...e....∩###
.........###.............##
......###...###......e...⌠#
......# #.<.# #..........⌠#
......###[..###..........⌠#
.%.......###.............##
...%...8.# #.8........∩###
___..%...###......__.∩##


You could see 3 deep elf fighters.

Vanquished Creatures
  Sigmund (D)
  2 wights (D)
  An adder (D)
  A worm (D)
  An adder zombie (D)
  A bat (D)
  A bat skeleton (D)
  A goblin (D)
  A quokka skeleton (D)
  A rat (D)
11 creatures vanquished.

Notes
Turn   | Place    | Note
--------------------------------------------------------------
     0 | D        | BluebellGnoll, the Spriggan Enchanter, began the quest for the Orb.
     0 | D        | Reached XP level 1. HP: 9/9 MP: 4/4
     1 | D        | Found an iron altar of Okawaru.
     1 | D        | Found a stormy altar of Qazlal.
     2 | D        | Found a basalt altar of Yredelemnul.
     3 | D        | Found a sacrificial altar of Ru.
     5 | D        | Found Trinife's Bottled Wisdom.
     5 | D        | Found Opiquas' Do-It-Yourself Clinic.
     5 | D        | Found a blossoming altar of Fedhas.
     5 | D        | Found a corrupted altar of Lugonu.
     6 | D        | Found Kleuj's Distillery.
     6 | D        | Found an opulent altar of Gozag.
     6 | D        | Found Innoimp's Distillery.
     8 | D        | Found a deep blue altar of Sif Muna.
     9 | D        | Found a bloodstained altar of Trog.
     9 | D        | Round 1.
    10 | D        | Found Qualas' Staff Store.
    11 | D        | Found an ancient bone altar of Kikubaaqudgha.
    11 | D        | Found Qoquom's Must-Have Magic.
    12 | D        | Found a burning altar of Makhleb.
    12 | D        | Found a shadowy altar of Dithmenos.
    13 | D        | Found Xauriy's Magic Scroll Shop.
    13 | D        | Found Ummafoipp's Magic Scroll Shop.
    15 | D        | Found a snail-covered altar of Cheibriados.
    15 | D        | Found a shimmering altar of Xom.
    17 | D        | Found Reuwk's Bee Food.
    18 | D        | Found Traed's Jewellery.
    18 | D        | Found a sparkling altar of Nemelex Xobeh.
    19 | D        | Found a radiant altar of Vehumet.
    19 | D        | Found a white marble altar of Elyvilon.
    20 | D        | Found Ciceinki's Advanced Armour.
    20 | D        | Found Fywieh's Identification Station.
    22 | D        | Found a glowing golden altar of the Shining One.
    23 | D        | Found a glowing silver altar of Zin.
    26 | D        | Became a worshipper of Vehumet
    43 | D        | Bought a faintly glowing golden amulet for 45 gold pieces
    43 | D        | Bought a transparent amber ring for 45 gold pieces
    43 | D        | Bought a slimy steel ring for 45 gold pieces
    43 | D        | Identified the amulet of Pnext {Stasis rElec Str+6} (You bought it in a shop in the Dungeon)
    44 | D        | Identified the ring "Thrit" {Dex+4 SInv Stlth-} (You bought it in a shop in the Dungeon)
    45 | D        | Identified the ring of Pliutucs {rElec rPois+ Str+7 Dex+3} (You bought it in a shop in the Dungeon)
    47 | D        | Bought a slimy brass amulet for 45 gold pieces
    48 | D        | Identified the amulet of the Fifty Stars {Stasis +Inv rPois+ rN+ Int-5 Stlth+} (You bought it in a shop in the Dungeon)
    74 | D        | Found Kleut's Weapon Rack.
    75 | D        | Found Craot's Basic Armour.
    77 | D        | Found a viscous altar of Jiyva.
    77 | D        | Found Gafa's Premium Goods.
    77 | D        | Found Esithraw's Miscellaneous Merchandise.
    94 | D        | Noticed Sigmund
   104 | D        | Killed Sigmund
   104 | D        | Acquired Vehumet's first power
   104 | D        | Offered knowledge of Magic Dart by Vehumet.
   104 | D        | Reached skill level 8 in Short Blades
   104 | D        | Reached XP level 2. HP: 13/13 MP: 7/7
   104 | D        | Reached XP level 3. HP: 16/16 MP: 9/9
   104 | D        | Reached XP level 4. HP: 21/21 MP: 12/12
   105 | D        | Reached skill level 9 in Short Blades
   109 | D        | Learned a level 2 spell: Ensorcelled Hibernation
   113 | D        | Learned a level 3 spell: Confuse
   116 | D        | Learned a level 2 spell: Sure Blade
   128 | D        | Arena points: 14 (+14) [x2]
   199 | D        | Round 2.
   222 | D        | Reached skill level 5 in Hexes
   250 | D        | Learned a level 3 spell: Dazzling Spray
   277 | D        | Reached XP level 5. HP: 24/24 MP: 11/21
   334 | D        | Offered knowledge of Throw Frost by Vehumet.
   334 | D        | Acquired Vehumet's second power
   337 | D        | Arena points: 50 (+36) [x3]
   349 | D        | Bought a glittering bronze ring for 45 gold pieces
   349 | D        | Bought a fine lead amulet for 45 gold pieces
   350 | D        | Identified the amulet of Makhleb's Vengeance {Inacc Dex+4 Stlth+} (You bought it in a shop in the Dungeon)
   354 | D        | Identified the ring "Duazemuw" {rF+ rC- rN+ Dex+2} (You bought it in a shop in the Dungeon)
   416 | D        | Round 3.
   429 | D        | Noticed a deep elf fighter
   430 | D        | Noticed a deep elf fighter
   445 | D        | Noticed a deep elf fighter
   453 | D        | Quit the game

Action                   |  1- 3 |  4- 6 || total
-------------------------+-------+-------++-------
Melee: Dagger            |     8 |    19 ||    27
 Cast: Corona            |     2 |     4 ||     6
       Confuse           |       |    11 ||    11
Evoke: Wand              |     2 |     3 ||     5
  Use: Potion            |     1 |     1 ||     2
 Stab: Confused          |       |     3 ||     3
